Map: Void Launch

Players

larsgj

  • Race: Zerg Zerg

johnspartan

  • Race: Protoss Protoss
  • Spawn Location: 6:00

VOD

Have the link to the VOD?

Description

Time

  • Played on: Dec. 26, 2022, 8:19 a.m.
  • Length: 25:40
Show
View Real Time Build Order
Export as new Build Order

larsgj Zerg 

Build Orders:  

Get SALT Encoding   

  12  0:04  Infested SCV  
  13  0:14  Infested SCV  
  14  0:20  Infested SCV  
  15  0:32  Overlord  
  15  0:43  Overlord  
  15  0:54  Overlord  
  15  1:05  Infested SCV  
  16  1:21  Infested Barracks  
  16  1:49  Infested SCV  
  17  1:50  Infested SCV  
  18  2:02  Infested Refinery  
  18  2:05  Infested Refinery  
  18  2:21  Overlord  
  18  2:23  Infested Marine  
  19  2:39  Infested Bunker  
  23  2:46  Infested SCV  
  23  2:47  Infested SCV  
  25  2:59  Infested SCV  
  26  3:00  Infested SCV  
  27  3:16  Infested Marine x2  
  27  3:17  Infested Marine x3  
  27  3:18  Infested Marine  
  23  3:40  Infestation Level 1  
  33  3:56  Infested Engineering Bay  
  33  3:58  Infested SCV  
  34  4:02  Infested SCV  
  34  4:24  Infested SCV x3  
  34  4:27  Unknown  
  37  4:51  Infested Factory  
  37  4:54  Infested SCV  
  37  4:55  Infested SCV  
  33  5:02  Infested Barracks  
  33  5:03  Infested Barracks Tech Lab  
  33  5:46  Infested Bunker  
  37  5:50  Retinal Augmentation  
  37  6:06  Infested Marine x2  
  37  6:07  Infested Marine x4  
  37  6:08  Infested Marine x3  
  37  6:09  Infested Marine  
  47  6:32  Infested Barracks  
  47  6:51  Overlord  
  47  6:52  Overlord x4  
  47  6:56  Stukov Infantry Weapons Level 1  
  47  7:35  Infested Bunker  
  51  7:45  Infested Marine  
  51  7:46  Infested Marine x8  
  50  8:02  Infested Marine  
  50  8:03  Infested Marine x12  
  63  8:20  Infested Missile Turret  
  63  9:09  Infested Command Center  
  63  9:12  Infested Missile Turret  
  63  9:25  Infested Missile Turret  
  54  9:36  Stukov Infantry Armor Level 1  
  54  9:42  Infested Missile Turret  
  41  9:54  Infested Missile Turret  
  41  10:18  Infested Marine  
  41  10:19  Infested Marine x17  
  59  10:20  Infested Marine x2  
  59  10:28  Infested Armory  
  60  10:40  Infestation Level 2  
  60  11:33  Infested Marine x8  
  60  11:34  Infested Marine x12  
  60  11:39  Aggressive Incubation  
  64  12:07  Infested Bunker  
  64  12:16  Stukov Infantry Weapons Level 2  
  64  12:24  Infested SCV x2  
  64  12:25  Infested SCV x3  
  69  12:33  Infested SCV x3  
  69  12:39  Infested SCV  
  73  12:49  Infested Refinery  
  73  12:53  Infested Refinery  
  73  13:03  Infested SCV  
  73  13:04  Infested SCV  
  55  13:24  Infested Barracks  
  59  13:40  Infested Bunker  
  59  14:02  Infested Bunker  
  63  14:14  Infested Marine x2  
  63  14:15  Infested Marine x8  
  63  14:16  Infested Marine  
  73  14:50  Infested Missile Turret  
  77  15:26  Stukov Infantry Armor Level 2, Infested Bunker  
  81  15:32  Infested Bunker  
  81  15:57  Infested Marine x2  
  81  15:58  Infested Marine x18  
  90  16:13  Infested Marine, Infested Missile Turret  
  90  16:14  Infested Marine x11  
  102  16:21  Infested Missile Turret  
  102  16:31  Infestation Level 3  
  102  16:37  Overlord  
  102  16:38  Overlord  
  101  17:04  Infested SCV  
  101  17:05  Infested SCV x3  
  104  17:11  Overlord x4  
  86  17:59  Infested Marine  
  75  18:00  Infested Marine x22  
  75  18:01  Infested Marine x7  
  104  18:23  Infested Missile Turret  
  108  18:34  Infested Marine  
  108  18:35  Infested Marine x20  
  108  18:36  Stukov Infantry Weapons Level 3  
  129  18:51  Infested Bunker  
  119  19:26  Infested Marine x4  
  119  19:27  Infested Marine x24  
  119  19:28  Infested Marine x2  
  116  20:26  Infested SCV x2  
  116  20:27  Infested SCV x3  
  125  20:32  Overlord x2  
  125  20:33  Overlord x2  
  125  20:39  Infested Marine  
  126  20:40  Infested Marine x10  
  126  20:41  Infested Marine, Infested Bunker  
  107  21:28  Infested Marine  
  107  21:29  Infested Marine x11  
  119  21:30  Infested Marine x18, Infested Bunker  
  137  21:43  Infested SCV x2  
  137  21:44  Infested SCV x2  
  129  22:20  Infested Bunker  
  129  22:56  Infested Marine  
  129  22:57  Infested Marine x11  
  129  22:58  Infested Marine x18  
  159  23:08  Overlord x4  
  129  23:29  Infested Missile Turret  
  129  23:36  Infested Marine x5  
  129  23:37  Infested Marine x7  
  141  23:50  Infested Marine  
  141  23:51  Infested Marine x16  
  141  23:52  Infested Marine x2  
  141  23:54  Infested Missile Turret  
  141  23:57  Infested Missile Turret  
  141  24:34  Infested Marine  
  141  24:35  Infested Marine x22  
  141  24:36  Infested Marine x2  
  127  24:53  Infested Marine  
  127  24:54  Infested Marine x11  
Show
View Real Time Build Order
Export as new Build Order

johnspartan Protoss 

Build Orders:  

Get SALT Encoding   

  12  0:06  Probe (Chrono Boost)  
  13  0:20  Probe (Chrono Boost)  
  14  0:34  Probe (Chrono Boost)  
  15  0:49  Pylon  
  15  1:11  Pylon  
  15  1:14  Probe (Chrono Boost)  
  16  1:21  Pylon  
  16  1:27  Probe (Chrono Boost)  
  17  1:31  Assimilator  
  17  1:40  Assimilator  
  17  1:41  Probe (Chrono Boost)  
  18  1:55  Probe (Chrono Boost)  
  19  2:09  Probe (Chrono Boost)  
  19  2:17  Pylon  
  20  2:23  Probe (Chrono Boost), Pylon  
  21  2:37  Probe (Chrono Boost)  
  22  2:51  Probe (Chrono Boost)  
  23  3:05  Probe (Chrono Boost)  
  24  3:18  Probe (Chrono Boost)  
  25  3:32  Probe (Chrono Boost)  
  26  3:40  Gateway  
  26  3:42  Gateway  
  26  3:45  Gateway  
  26  3:46  Probe (Chrono Boost)  
  26  3:48  Gateway  
  27  4:02  Forge  
  27  4:36  Gateway  
  27  4:38  Gateway  
  27  4:41  Gateway  
  27  4:53  Gateway  
  27  5:27  Pylon  
  27  5:42  Pylon  
  27  5:45  Gateway  
  27  5:47  Gateway  
  27  5:52  Gateway  
  27  6:14  Gateway  
  27  6:17  Pylon  
  27  6:30  Gateway  
  27  6:40  Gateway  
  27  6:45  Gateway  
  27  7:03  Gateway  
  27  7:14  Cybernetics Core  
  27  8:52  Mothership  
  27  9:17  Warp Gate  
  27  9:26  Death Council  
  27  9:36  Nexus  
  27  9:39  Assimilator  
  27  9:41  Assimilator  
  27  10:17  Cloaking Module  
  27  10:31  Slayer x5  
  27  10:32  Slayer x4  
  27  10:33  Slayer x2  
  49  11:17  Bloodshard Resonance  
  49  12:03  Slayer  
  49  12:04  Slayer x5  
  49  12:05  Slayer x3  
  67  12:18  Havoc  
  68  12:20  Supplicant x2  
  72  12:36  Probe (Chrono Boost)  
  73  12:47  Detect Weakness  
  73  12:50  Probe (Chrono Boost)  
  74  13:04  Probe (Chrono Boost)  
  75  13:18  Probe (Chrono Boost)  
  76  13:32  Probe (Chrono Boost)  
  77  13:43  Supplicant x4  
  77  13:46  Probe (Chrono Boost)  
  86  14:01  Pylon  
  86  14:03  Pylon  
  86  14:06  Pylon  
  86  14:07  Pylon  
  86  14:25  Probe (Chrono Boost)  
  87  14:36  Slayer x3  
  87  14:37  Slayer  
  87  14:39  Probe (Chrono Boost)  
  95  14:42  Slayer  
  98  14:52  Supplicant x2  
  98  14:53  Probe (Chrono Boost)  
  103  15:07  Probe (Chrono Boost)  
  103  15:08  Supplicant x4  
  112  15:15  Protoss Air Weapons Level 1, Protoss Ground Weapons Level 1  
  112  15:20  Blood Shields  
  112  15:21  Probe (Chrono Boost)  
  113  16:00  Supplicant x2  
  117  16:13  Pylon  
  117  16:15  Pylon  
  117  16:16  Pylon  
  117  16:18  Pylon  
  117  16:20  Soul Augmentation  
  117  16:21  Pylon  
  117  16:41  Supplicant x4  
  117  16:42  Supplicant x6  
  117  16:47  Supplicant x2  
  141  16:56  Slayer  
  143  17:41  Supplicant x6  
  155  17:55  Pylon x2  
  155  18:05  Pylon  
  155  18:13  Pylon  
  155  18:15  Pylon  
  155  18:17  Pylon  
  155  18:22  Probe (Chrono Boost)  
  156  18:31  Slayer  
  156  18:32  Slayer x4  
  156  18:34  Slayer  
  156  18:36  Probe (Chrono Boost)  
  169  18:42  Havoc  
  169  18:44  Slayer  
  172  18:50  Probe (Chrono Boost)  
  172  18:52  Slayer  
  175  19:04  Probe (Chrono Boost)  
  176  19:18  Probe (Chrono Boost)  
  177  19:22  Supplicant x2  
  177  19:23  Supplicant x6  
  193  19:32  Probe (Chrono Boost)  
  194  19:45  Probe (Chrono Boost)  
  194  19:47  Mothership  
  195  19:55  Slayer  
  197  20:08  Pylon  
  197  20:37  Protoss Ground Weapons Level 2, Protoss Air Weapons Level 2  
  197  20:47  Slayer  
  197  20:49  Havoc  
  198  20:57  Slayer  
Tags
 
Commander
AlarakStukov
Matchup
Co-op
Replay Pack
Multiplayer
Add a new tag
Caveats
  • Supply blocks, unpowered buildings, or Contaminate may cause inaccurate times.
  • Supply counts are checked every 10 seconds.